cohdb
Replays
Latest Replays
All Replays
Popular Replays
Top Player Replays
Match Explorer
How It Works
Community
CoH3 Stats
Reddit
Sign in to upload your games and track your stats! →
Sign in with Steam
Match 37795337
Unlisted
Match 37795337
Overview
Messages
Build Orders
End
Construct Infanterie Kompanie
Kettenkrad Recon Vehicle
Selects Mechanized Battlegroup
MG 42 Machine Gun Team
MG 42 Machine Gun Team
Grenadier Squad
Grenadier Squad
Construct Luftwaffe Kompanie
Selects Raid Package
Medical Station
Jäger Squad
Flak 30 Anti-aircraft Gun Team
Selects 8 Rad Armored Car
8 Rad Armored Car
Jäger Squad
Selects Spotting Scopes
Support Elements
Marder III M Tank Destroyer
Marder III M Tank Destroyer
Selects Wespe Self-propelled Artillery
Jäger Squad
8 Rad Armored Car
Selects UNKNOWN (2160084)
Selects Zeroing Artillery Barrage
Marder III M Tank Destroyer
Grenadier Squad
Atomic Floyd
deadsadbadmad
BIOHAZARD
Sauzer88
0
0
Comments
sign in to comment!
No comments posted yet!